3L
WIZARDING EXPRESS @ THUNDER BAY NORTHERN LIONS BC
09/11/2020
 
TOP OF THE 1ST
Wizarding Express batting - Pitching for Thunder Bay Northern Lions BC : LHP Mike Jones
Pitching: LHP Mike Jones
Batting: LHB Chris Thurman 0-0: Called Strike
0-1: Fly out, F9 (Line Drive, 9M)
Batting: LHB Walter Kirk 0-0: Ball
1-0: Fly out, F8 (Flyball, 8RM)
Batting: RHB Cole Shaffer 0-0: Ball
1-0: Called Strike
1-1: SINGLE (Popup, 8LS)
Batting: RHB Pedro Cruz 0-0: Fly out, F9 (Flyball, 9LM)
Top of the 1st over - 0 run(s), 1 hit(s), 0 error(s), 1 left on base; Wizarding 0 - Thunder Bay 0
BOTTOM OF THE 1ST
Thunder Bay Northern Lions BC batting - Pitching for Wizarding Express : RHP Dave Strong
Pitching: RHP Dave Strong
Batting: LHB John Brewer 0-0: Ball
1-0: Ball
2-0: Fly out, F8 (Flyball, 78D)
Batting: LHB David Smith 0-0: Called Strike
0-1: Ball
1-1: Ball
2-1: Foul Ball, location: 2F
2-2: Foul Ball, location: 2F
2-2: Foul Ball, location: 2F
2-2: Ground out 4-3 (Groundball, 4M)
Batting: LHB Curtis Peters 0-0: Ball
1-0: Ball
2-0: Called Strike
2-1: Fly out, F6 (Popup, 6M)
Bottom of the 1st over - 0 run(s), 0 hit(s), 0 error(s), 0 left on base; Wizarding 0 - Thunder Bay 0
TOP OF THE 2ND
Wizarding Express batting - Pitching for Thunder Bay Northern Lions BC : LHP Mike Jones
Batting: RHB Pablo León 0-0: Ball
1-0: Called Strike
1-1: Foul Ball, location: 2F
1-2: Ball
2-2: Ball
3-2: Foul Ball, location: 2F
3-2: Ground out 6-3 (Groundball, 6M)
Batting: RHB Alfredo Martínez 0-0: Called Strike
0-1: Called Strike
0-2: Ball
1-2: Fly out, F8 (Flyball, 8LM)
Batting: RHB Manuel González 0-0: Called Strike
0-1: Ball
1-1: Swinging Strike
1-2: Foul Ball, location: 2F
1-2: Ball
2-2: Ground out 5-3 (Groundball, 5)
Top of the 2nd over - 0 run(s), 0 hit(s), 0 error(s), 0 left on base; Wizarding 0 - Thunder Bay 0
BOTTOM OF THE 2ND
Thunder Bay Northern Lions BC batting - Pitching for Wizarding Express : RHP Dave Strong
Batting: SHB Arnold Griffith 0-0: Ground out 4-3 (Groundball, 4M)
Batting: LHB Keith Bridges 0-0: Called Strike
0-1: Ball
1-1: Foul Ball, location: 2F
1-2: Foul Ball, location: 2F
1-2: Ball
2-2: Foul Ball, location: 2F
2-2: Ball
3-2: SOLO HOME RUN (Flyball, 9D), Distance : 354 ft
Batting: RHB Robert O'Connor 0-0: Ball
1-0: Ball
2-0: Foul Ball, location: 2F
2-1: Called Strike
2-2: Strikes out swinging
Batting: RHB Jonathan Cook 0-0: Fly out, F9 (Flyball, 9M)
Bottom of the 2nd over - 1 run(s), 1 hit(s), 0 error(s), 0 left on base; Wizarding 0 - Thunder Bay 1
TOP OF THE 3RD
Wizarding Express batting - Pitching for Thunder Bay Northern Lions BC : LHP Mike Jones
Batting: SHB Reed Ramsey 0-0: Foul Ball, location: 2F
0-1: Swinging Strike
0-2: Fly out, F9 (Flyball, 9S)
Batting: RHB Dave Strong 0-0: SINGLE (Groundball, 5L)
Batting: LHB Chris Thurman 0-0: Ball
1-0: Ball
2-0: Ball
3-0: Base on Balls
Dave Strong to second
Batting: LHB Walter Kirk 0-0: Ball
1-0: SINGLE (Line Drive, 4MD)
Dave Strong to third
Chris Thurman to second
Batting: RHB Cole Shaffer 0-0: Ball
1-0: Swinging Strike
1-1: Ball
2-1: Foul Ball, location: 2F
2-2: Foul Ball, location: 2F
2-2: DOUBLE (Line Drive, 5D)
Dave Strong scores
Chris Thurman scores
Walter Kirk to third
Batting: RHB Pedro Cruz 0-0: Ground out 4-3 (Groundball, 34)
Walter Kirk scores
Cole Shaffer to third
Batting: RHB Pablo León 0-0: Ball
1-0: Called Strike
1-1: Foul Ball, location: 2F
1-2: Ball
2-2: Foul Ball, location: 2F
2-2: 2-RUN HOME RUN (Flyball, 7D), Distance : 394 ft
Batting: RHB Alfredo Martínez 0-0: Foul Ball, location: 2F
0-1: SINGLE (Groundball, 56D)
Batting: RHB Manuel González 0-0: Ball
1-0: Ball
2-0: Ball
3-0: Base on Balls
Alfredo Martínez to second
Batting: SHB Reed Ramsey 0-0: Called Strike
0-1: Ball
1-1: Ball
2-1: Fly out, F5 (Line Drive, 5)
Top of the 3rd over - 5 run(s), 5 hit(s), 0 error(s), 2 left on base; Wizarding 5 - Thunder Bay 1
BOTTOM OF THE 3RD
Thunder Bay Northern Lions BC batting - Pitching for Wizarding Express : RHP Dave Strong
Batting: RHB Mike Jones 0-0: Fly out, F9 (Flyball, 9LS)
Batting: RHB Taroemon Watanabe 0-0: Fly out, F8 (Flyball, 8LS)
Batting: LHB John Brewer 0-0: Called Strike
0-1: Fly out, F8 (Flyball, 8RM)
Bottom of the 3rd over - 0 run(s), 0 hit(s), 0 error(s), 0 left on base; Wizarding 5 - Thunder Bay 1
TOP OF THE 4TH
Wizarding Express batting - Pitching for Thunder Bay Northern Lions BC : LHP Mike Jones
Batting: RHB Dave Strong 0-0: Ball
1-0: Called Strike
1-1: Fly out, F8 (Flyball, 8RS)
Batting: LHB Chris Thurman 0-0: DOUBLE (Line Drive, 7LS)
Batting: LHB Walter Kirk 0-0: Ball
1-0: Foul Ball, location: 2F
1-1: Foul Ball, location: 2F
1-2: Foul Ball, location: 2F
Single, Error in OF, E9, batter to second base
Chris Thurman scores
Batting: RHB Cole Shaffer 0-0: Ball
1-0: Ball
2-0: Ball
3-0: DOUBLE (Line Drive, 7LM)
Walter Kirk scores
Pitching: RHP Curt Clarke
Batting: RHB Pedro Cruz 0-0: Called Strike
0-1: SINGLE (Groundball, 3L) (infield hit)
Cole Shaffer to third
Batting: RHB Pablo León 0-0: Ball
1-0: Called Strike
1-1: Ball
2-1: Ball
3-1: Fly out, F3 (Popup, 3F)
Batting: RHB Alfredo Martínez 0-0: Foul Ball, location: 2F
0-1: Ball
1-1: Foul Ball, location: 2F
1-2: Strikes out looking
Top of the 4th over - 2 run(s), 4 hit(s), 1 error(s), 2 left on base; Wizarding 7 - Thunder Bay 1
BOTTOM OF THE 4TH
Thunder Bay Northern Lions BC batting - Pitching for Wizarding Express : RHP Dave Strong
Batting: LHB David Smith 0-0: Swinging Strike
0-1: Ball
1-1: Foul Ball, location: 2F
1-2: SINGLE (Flyball, 89S)
Batting: LHB Curtis Peters 0-0: Swinging Strike
0-1: Swinging Strike
0-2: Ball
1-2: Ball
2-2: Ground out 3-1 (Groundball, 34S)
David Smith to second
Batting: SHB Arnold Griffith 0-0: Ball
1-0: SINGLE (Line Drive, 89S)
David Smith to third
Batting: LHB Keith Bridges 0-0: Ball
1-0: Ball
2-0: Foul Ball, location: 2F
2-1: Ball
3-1: Swinging Strike
3-2: Base on Balls
Arnold Griffith to second
Batting: RHB Robert O'Connor 0-0: Ball
1-0: Fly out, F9 (Flyball, 9M)
Runner from 3rd tags up, SCORES, throw made
Batting: RHB Jonathan Cook 0-0: Ball
1-0: Fly out, F9 (Flyball, 9M)
Bottom of the 4th over - 1 run(s), 2 hit(s), 0 error(s), 2 left on base; Wizarding 7 - Thunder Bay 2
TOP OF THE 5TH
Wizarding Express batting - Pitching for Thunder Bay Northern Lions BC : RHP Curt Clarke
Batting: RHB Manuel González 0-0: Called Strike
0-1: Swinging Strike
0-2: Foul Ball, location: 2F
0-2: Ball
1-2: Foul Ball, location: 2F
1-2: Fly out, F6 (Popup, 6D)
Batting: SHB Reed Ramsey 0-0: Called Strike
0-1: Swinging Strike
0-2: Ground out 4-3 (Groundball, 4)
Batting: RHB Dave Strong 0-0: SINGLE (Line Drive, 6D)
Batting: LHB Chris Thurman 0-0: Called Strike
0-1: Ball
1-1: Ball
2-1: Ball
3-1: Fly out, F7 (Line Drive, 7D)
Top of the 5th over - 0 run(s), 1 hit(s), 0 error(s), 1 left on base; Wizarding 7 - Thunder Bay 2
BOTTOM OF THE 5TH
Thunder Bay Northern Lions BC batting - Pitching for Wizarding Express : RHP Dave Strong
Batting: RHB Curt Clarke 0-0: Called Strike
0-1: Called Strike
0-2: Ball
1-2: Strikes out looking
Batting: RHB Taroemon Watanabe 0-0: Ground out 5-3 (Groundball, 56)
Batting: LHB John Brewer 0-0: Swinging Strike
0-1: Foul Ball, location: 2F
0-2: Ball
1-2: Fly out, F9 (Flyball, 9D)
Bottom of the 5th over - 0 run(s), 0 hit(s), 0 error(s), 0 left on base; Wizarding 7 - Thunder Bay 2
TOP OF THE 6TH
Wizarding Express batting - Pitching for Thunder Bay Northern Lions BC : RHP Curt Clarke
Batting: LHB Walter Kirk 0-0: DOUBLE (Line Drive, 9LM)
Batting: RHB Cole Shaffer 0-0: Ball
1-0: Ball
2-0: Swinging Strike
2-1: Called Strike
2-2: Foul Ball, location: 2F
2-2: Foul Ball, location: 2F
2-2: Strikes out looking
Batting: RHB Pedro Cruz 0-0: Called Strike
0-1: Ball
1-1: Ball
2-1: Swinging Strike
2-2: Strikes out swinging
Batting: RHB Pablo León 0-0: Foul Ball, location: 2F
0-1: Ball
1-1: Ball
2-1: Ball
3-1: Base on Balls
Batting: RHB Alfredo Martínez 0-0: Ball
1-0: Ball
2-0: Foul Ball, location: 2F
2-1: Fly out, F9 (Flyball, 9S)
Top of the 6th over - 0 run(s), 1 hit(s), 0 error(s), 2 left on base; Wizarding 7 - Thunder Bay 2
BOTTOM OF THE 6TH
Thunder Bay Northern Lions BC batting - Pitching for Wizarding Express : RHP Dave Strong
Batting: LHB David Smith 0-0: Foul Ball, location: 2F
0-1: Ball
1-1: Foul Ball, location: 2F
1-2: SINGLE (Groundball, 34D)
Batting: LHB Curtis Peters 0-0: Called Strike
0-1: Ball
1-1: Ball
2-1: Foul Ball, location: 2F
2-2: 2-RUN HOME RUN (Line Drive, 89XD), Distance : 406 ft
Batting: SHB Arnold Griffith 0-0: Ball
1-0: Swinging Strike
1-1: Foul Ball, location: 2F
1-2: Fly out, F7 (Flyball, 7M)
Batting: LHB Keith Bridges 0-0: Called Strike
0-1: Ball
1-1: Foul Ball, location: 2F
1-2: Ball
2-2: SINGLE (Popup, 6MD)
Batting: RHB Robert O'Connor 0-0: Called Strike
0-1: Ground out 5-3 (Groundball, 56S)
Keith Bridges to second
Batting: RHB Jonathan Cook 0-0: Swinging Strike
0-1: Ball
1-1: Foul Ball, location: 2F
1-2: SINGLE (Groundball, 6MD)
Keith Bridges to third
Runner from 3rd tries for Home, SAFE, no throw or cutoff
Pinch Hitting: LHB Cristo Nieto 0-0: Ball
1-0: Ball
2-0: Called Strike
2-1: Called Strike
2-2: Foul Ball, location: 2F
2-2: Foul Ball, location: 2F
2-2: Ball
3-2: Base on Balls
Jonathan Cook to second
Pitching: RHP Jackson Haines
Now in RF: Domingo Navarro
Batting: RHB Taroemon Watanabe 0-0: Ground out 1-3 (Groundball, 15)
Bottom of the 6th over - 3 run(s), 4 hit(s), 0 error(s), 2 left on base; Wizarding 7 - Thunder Bay 5
TOP OF THE 7TH
Wizarding Express batting - Pitching for Thunder Bay Northern Lions BC : RHP Curt Clarke
Pitching: RHP Jim Roberts
Batting: RHB Manuel González 0-0: Swinging Strike
0-1: Foul Ball, location: 2F
0-2: Ball
1-2: Ball
2-2: Foul Ball, location: 2F
2-2: Ball
3-2: Fly out, F9 (Line Drive, 9S)
Batting: SHB Reed Ramsey 0-0: Ball
1-0: Swinging Strike
1-1: Foul Ball, location: 2F
1-2: Ball
2-2: Strikes out swinging
Batting: RHB Domingo Navarro 0-0: Foul Ball, location: 2F
0-1: Called Strike
0-2: Ball
1-2: Strikes out looking
Top of the 7th over - 0 run(s), 0 hit(s), 0 error(s), 0 left on base; Wizarding 7 - Thunder Bay 5
BOTTOM OF THE 7TH
Thunder Bay Northern Lions BC batting - Pitching for Wizarding Express : RHP Jackson Haines
Batting: LHB John Brewer 0-0: Called Strike
0-1: Called Strike
0-2: Ground out 6-3 (Groundball, 6)
Batting: LHB David Smith 0-0: Ball
1-0: Called Strike
1-1: Foul Ball, location: 2F
1-2: SINGLE (Groundball, 4MD)
Batting: LHB Curtis Peters 0-0: Ball
1-0: Fielders Choice at 2nd, U6 (Groundball, 6M)
Batting: SHB Arnold Griffith 0-0: Called Strike
0-1: Ball
1-1: Foul Ball, location: 2F
1-2: Ball
2-2: Foul Ball, location: 2F
2-2: Ground out 4-3 (Groundball, 4)
Bottom of the 7th over - 0 run(s), 1 hit(s), 0 error(s), 1 left on base; Wizarding 7 - Thunder Bay 5
TOP OF THE 8TH
Wizarding Express batting - Pitching for Thunder Bay Northern Lions BC : RHP Jim Roberts
Batting: LHB Chris Thurman 0-0: Ball
1-0: Foul Ball, location: 2F
1-1: Ball
2-1: Ball
3-1: Base on Balls
Pinch Hitting: RHB Greg Keys 0-0: Ball
1-0: Bunted foul
1-1: Sac Bunt - play at first, batter OUT! 1-4
Chris Thurman to second
Batting: RHB Cole Shaffer 0-0: Intentional Walk
Batting: RHB Pedro Cruz 0-0: Ball
1-0: Called Strike
1-1: Ball
2-1: Called Strike
2-2: Ball
3-2: Strikes out swinging
Batting: RHB Pablo León 0-0: Called Strike
0-1: Foul Ball, location: 2F
0-2: Ball
1-2: Foul Ball, location: 2F
1-2: Foul Ball, location: 2F
1-2: Foul Ball, location: 2F
1-2: Ball
2-2: Ground out 6-3 (Groundball, 6)
Top of the 8th over - 0 run(s), 0 hit(s), 0 error(s), 2 left on base; Wizarding 7 - Thunder Bay 5
BOTTOM OF THE 8TH
Thunder Bay Northern Lions BC batting - Pitching for Wizarding Express : RHP Jackson Haines
Pitching: RHP Mike Pinhey
Batting: LHB Keith Bridges 0-0: Ball
1-0: SOLO HOME RUN (Flyball, 78XD), Distance : 434 ft
Pitching: RHP Ed McWhannell
Batting: RHB Robert O'Connor 0-0: Swinging Strike
0-1: Ball
1-1: Ball
2-1: Foul Ball, location: 2F
2-2: Ball
3-2: SINGLE (Line Drive, 7S)
Pinch Runner at 1st Fernando Castro:
Batting: RHB Jonathan Cook 0-0: Sac Bunt - play at first, batter OUT! 1-3
Fernando Castro to second
Pinch Hitting: LHB Michael Smith 0-0: Ball
1-0: Ball
2-0: Ball
3-0: Ground out 4-3 (Groundball, 4)
Fernando Castro to third
Batting: RHB Taroemon Watanabe 0-0: Ball
1-0: Ball
2-0: Ball
3-0: Called Strike
3-1: Foul Ball, location: 2F
3-2: Ground out 5-3 (Groundball, 56S)
Bottom of the 8th over - 1 run(s), 2 hit(s), 0 error(s), 1 left on base; Wizarding 7 - Thunder Bay 6
TOP OF THE 9TH
Wizarding Express batting - Pitching for Thunder Bay Northern Lions BC : RHP Jim Roberts
Pitching: LHP Jake O'Tomalty
Now in RF: Juan Durán
Batting: RHB Alfredo Martínez 0-0: Called Strike
0-1: Foul Ball, location: 2F
0-2: Ball
1-2: Ball
2-2: SINGLE (Flyball, 9LS)
Batting: RHB Manuel González 0-0: Ball
1-0: Bunted foul
1-1: Sac Bunt - play at second, runner OUT! 1-6
Pinch Hitting: RHB Michael Montgomery 0-0: Ball
1-0: Ball
Manuel González steals 2nd base
2-0: Ball
3-0: Called Strike
3-1: Fly out, F4 (Popup, 3)
Batting: RHB Domingo Navarro 0-0: Called Strike
0-1: Called Strike
0-2: Strikes out swinging
Top of the 9th over - 0 run(s), 1 hit(s), 0 error(s), 1 left on base; Wizarding 7 - Thunder Bay 6
BOTTOM OF THE 9TH
Thunder Bay Northern Lions BC batting - Pitching for Wizarding Express : RHP Ed McWhannell
Pitching: RHP George Ricker
Now at 3B: Michael Montgomery
Batting: LHB John Brewer 0-0: Ball
1-0: Called Strike
1-1: Fly out, F8 (Line Drive, 8RS)
Batting: LHB David Smith 0-0: SOLO HOME RUN (Flyball, 9D), Distance : 345 ft
Batting: LHB Curtis Peters 0-0: Swinging Strike
0-1: Ground out 4-3 (Groundball, 4M)
Batting: SHB Arnold Griffith 0-0: Swinging Strike
0-1: Fly out, F8 (Flyball, 8LS)
Bottom of the 9th over - 1 run(s), 1 hit(s), 0 error(s), 0 left on base; Wizarding 7 - Thunder Bay 7
TOP OF THE 10TH
Wizarding Express batting - Pitching for Thunder Bay Northern Lions BC : LHP Jake O'Tomalty
Batting: LHB Chris Thurman 0-0: Called Strike
0-1: Called Strike
0-2: Strikes out looking
Batting: RHB George Ricker 0-0: Swinging Strike
0-1: Ball
1-1: Swinging Strike
1-2: Foul Ball, location: 2F
1-2: Ball
2-2: Strikes out swinging
Batting: RHB Cole Shaffer 0-0: SINGLE (Line Drive, 3)
Batting: RHB Pedro Cruz 0-0: Foul Ball, location: 2F
0-1: Ball
1-1: Foul Ball, location: 2F
1-2: Strikes out looking
Top of the 10th over - 0 run(s), 1 hit(s), 0 error(s), 1 left on base; Wizarding 7 - Thunder Bay 7
BOTTOM OF THE 10TH
Thunder Bay Northern Lions BC batting - Pitching for Wizarding Express : RHP George Ricker
Batting: LHB Keith Bridges 0-0: Called Strike
0-1: Ball
1-1: Ball
2-1: Called Strike
2-2: Ball
3-2: Foul Ball, location: 2F
3-2: Base on Balls
Batting: LHB Juan Durán 0-0: Ball
1-0: Bunted foul
1-1: Bunted foul
1-2: Ball
2-2: Strikes out swinging
Batting: RHB Jonathan Cook 0-0: Called Strike
0-1: Swinging Strike
0-2: Ball
1-2: Strikes out swinging
Pinch Hitting: RHB Duncan Thomas 0-0: Swinging Strike
0-1: Ball
Keith Bridges steals 2nd base
1-1: Called Strike
1-2: Foul Ball, location: 2F
1-2: Ball
2-2: Foul Ball, location: 2F
2-2: SINGLE (Groundball, 6M)
Keith Bridges to third
Runner from 3rd tries for Home, throw and OUT!
Bottom of the 10th over - 0 run(s), 1 hit(s), 0 error(s), 1 left on base; Wizarding 7 - Thunder Bay 7
TOP OF THE 11TH
Wizarding Express batting - Pitching for Thunder Bay Northern Lions BC : LHP Jake O'Tomalty
Pitching: RHP Roderick Draper
Batting: RHB Pablo León 0-0: Ball
1-0: Ball
2-0: Ground out 6-3 (Groundball, 6)
Batting: RHB Alfredo Martínez 0-0: Called Strike
0-1: SINGLE (Groundball, 25) (infield hit)
Batting: RHB Manuel González 0-0: Ball
1-0: Called Strike
1-1: Grounds into double play, 6-4-3 (Groundball, 6)
Top of the 11th over - 0 run(s), 1 hit(s), 0 error(s), 0 left on base; Wizarding 7 - Thunder Bay 7
BOTTOM OF THE 11TH
Thunder Bay Northern Lions BC batting - Pitching for Wizarding Express : RHP George Ricker
Pitching: LHP Gustavo Domínguez
Batting: RHB Taroemon Watanabe 0-0: Ball
1-0: Foul Ball, location: 2F
1-1: Swinging Strike
1-2: Fly out, F7 (Flyball, 78M)
Batting: LHB John Brewer 0-0: Ball
1-0: Foul Ball, location: 2F
1-1: Fly out, F2 (Popup, 2LF)
Batting: LHB David Smith 0-0: Ball
1-0: Called Strike
1-1: SINGLE (Groundball, 34D)
Batting: LHB Curtis Peters 0-0: Swinging Strike
0-1: Foul Ball, location: 2F
0-2: Ball
1-2: Strikes out swinging
Bottom of the 11th over - 0 run(s), 1 hit(s), 0 error(s), 1 left on base; Wizarding 7 - Thunder Bay 7
TOP OF THE 12TH
Wizarding Express batting - Pitching for Thunder Bay Northern Lions BC : RHP Roderick Draper
Batting: RHB Michael Montgomery 0-0: Called Strike
0-1: Ball
1-1: Ground out 5-3 (Groundball, 5S)
Batting: RHB Domingo Navarro 0-0: Called Strike
0-1: Ball
1-1: Ball
2-1: Called Strike
2-2: Ground out 6-3 (Groundball, 6M)
Batting: LHB Chris Thurman 0-0: Fly out, F7 (Popup, 5D)
Top of the 12th over - 0 run(s), 0 hit(s), 0 error(s), 0 left on base; Wizarding 7 - Thunder Bay 7
BOTTOM OF THE 12TH
Thunder Bay Northern Lions BC batting - Pitching for Wizarding Express : LHP Gustavo Domínguez
Batting: SHB Arnold Griffith 0-0: Ball
1-0: Fly out, F4 (Line Drive, 4)
Pinch Hitting: RHB Ramiro Rico 0-0: SINGLE (Groundball, 6MD)
Batting: LHB Juan Durán 0-0: Ball
1-0: Fly out, F8 (Line Drive, 8RM)
Batting: RHB Jonathan Cook 0-0: Ball
1-0: Ball
2-0: Ball
3-0: Base on Balls
Ramiro Rico to second
Batting: LHB Roderick Draper 0-0: Foul Ball, location: 2F
0-1: Ground out 1-3 (Groundball, 13S)
Bottom of the 12th over - 0 run(s), 1 hit(s), 0 error(s), 2 left on base; Wizarding 7 - Thunder Bay 7
TOP OF THE 13TH
Wizarding Express batting - Pitching for Thunder Bay Northern Lions BC : RHP Roderick Draper
Now at 1B: Ramiro Rico
Batting: LHB Gustavo Domínguez 0-0: Fly out, F2 (Popup, 2LF)
Batting: RHB Cole Shaffer 0-0: Fly out, F8 (Flyball, 8RM)
Batting: RHB Pedro Cruz 0-0: Ball
1-0: Ball
2-0: Foul Ball, location: 2F
2-1: Foul Ball, location: 2F
2-2: Strikes out swinging
Top of the 13th over - 0 run(s), 0 hit(s), 0 error(s), 0 left on base; Wizarding 7 - Thunder Bay 7
BOTTOM OF THE 13TH
Thunder Bay Northern Lions BC batting - Pitching for Wizarding Express : LHP Gustavo Domínguez
Batting: RHB Taroemon Watanabe 0-0: Ball
1-0: Foul Ball, location: 2F
1-1: Ball
2-1: Swinging Strike
2-2: Ball
3-2: Base on Balls
Batting: LHB John Brewer 0-0: Called Strike
0-1: Ball
1-1: Ball
2-1: Sac Bunt - play at first, batter OUT! 2-4
Taroemon Watanabe to second
Batting: LHB David Smith 0-0: Intentional Walk
Batting: LHB Curtis Peters 0-0: Fly out, F7 (Flyball, 7S)
Batting: SHB Arnold Griffith 0-0: Ball
1-0: Called Strike
1-1: Ball
2-1: Ball
3-1: Foul Ball, location: 2F
3-2: Ground out 6-3 (Groundball, 6)
Bottom of the 13th over - 0 run(s), 0 hit(s), 0 error(s), 2 left on base; Wizarding 7 - Thunder Bay 7
TOP OF THE 14TH
Wizarding Express batting - Pitching for Thunder Bay Northern Lions BC : RHP Roderick Draper
Batting: RHB Pablo León 0-0: Foul Ball, location: 2F
0-1: Ball
1-1: Ball
2-1: Ground out 1-3 (Groundball, 23)
Batting: RHB Alfredo Martínez 0-0: Swinging Strike
0-1: Called Strike
0-2: SINGLE (Groundball, 6MD)
Batting: RHB Manuel González 0-0: SINGLE (Groundball, 4M) (infield hit)
Alfredo Martínez to second
Batting: RHB Michael Montgomery 0-0: Grounds into double play, 4-6-3 (Groundball, 4)
Top of the 14th over - 0 run(s), 2 hit(s), 0 error(s), 1 left on base; Wizarding 7 - Thunder Bay 7
BOTTOM OF THE 14TH
Thunder Bay Northern Lions BC batting - Pitching for Wizarding Express : LHP Gustavo Domínguez
Batting: RHB Ramiro Rico 0-0: Ball
1-0: Ball
2-0: Called Strike
2-1: Foul Ball, location: 2F
2-2: Ball
3-2: Foul Ball, location: 2F
3-2: Foul Ball, location: 2F
3-2: Fly out, F3 (Popup, 3SF)
Batting: LHB Juan Durán 0-0: Ball
1-0: Called Strike
1-1: Ball
2-1: Ball
3-1: Called Strike
3-2: Base on Balls
Pitching: RHP Victor Burgess
Batting: RHB Jonathan Cook 0-0: Foul Ball, location: 2F
0-1: Foul Ball, location: 2F
0-2: Foul Ball, location: 2F
0-2: Grounds into double play, 6-4-3 (Groundball, 56)
Bottom of the 14th over - 0 run(s), 0 hit(s), 0 error(s), 0 left on base; Wizarding 7 - Thunder Bay 7
TOP OF THE 15TH
Wizarding Express batting - Pitching for Thunder Bay Northern Lions BC : RHP Roderick Draper
Batting: RHB Domingo Navarro 0-0: Ball
1-0: Foul Ball, location: 2F
1-1: Swinging Strike
1-2: Ball
2-2: Strikes out swinging
Batting: LHB Chris Thurman 0-0: Swinging Strike
0-1: Foul Ball, location: 2F
0-2: Ball
1-2: Strikes out swinging
Batting: RHB Victor Burgess 0-0: Called Strike
0-1: Ball
1-1: Fly out, F9 (Line Drive, 89S)
Top of the 15th over - 0 run(s), 0 hit(s), 0 error(s), 0 left on base; Wizarding 7 - Thunder Bay 7
BOTTOM OF THE 15TH
Thunder Bay Northern Lions BC batting - Pitching for Wizarding Express : RHP Victor Burgess
Batting: LHB Roderick Draper 0-0: Ground out 1-3 (Groundball, 15)
Batting: RHB Taroemon Watanabe 0-0: Ground out 6-3 (Groundball, 6)
Batting: LHB John Brewer 0-0: Ball
1-0: Ball
2-0: Ball
3-0: Called Strike
3-1: Base on Balls
Batting: LHB David Smith 0-0: Fielders Choice at 2nd, U4 (Groundball, 4M)
Bottom of the 15th over - 0 run(s), 0 hit(s), 0 error(s), 1 left on base; Wizarding 7 - Thunder Bay 7
TOP OF THE 16TH
Wizarding Express batting - Pitching for Thunder Bay Northern Lions BC : RHP Roderick Draper
Batting: RHB Cole Shaffer 0-0: Ball
1-0: Called Strike
1-1: Called Strike
1-2: Foul Ball, location: 2F
1-2: Strikes out looking
Batting: RHB Pedro Cruz 0-0: Ball
1-0: Ball
2-0: Foul Ball, location: 2F
2-1: Fly out, F9 (Flyball, 89D)
Batting: RHB Pablo León 0-0: Ball
1-0: Ball
2-0: Ball
3-0: Called Strike
3-1: Swinging Strike
3-2: Strikes out looking
Top of the 16th over - 0 run(s), 0 hit(s), 0 error(s), 0 left on base; Wizarding 7 - Thunder Bay 7
BOTTOM OF THE 16TH
Thunder Bay Northern Lions BC batting - Pitching for Wizarding Express : RHP Victor Burgess
Batting: LHB Curtis Peters 0-0: Ball
1-0: Called Strike
1-1: Called Strike
1-2: Ball
2-2: Foul Ball, location: 2F
2-2: Strikes out swinging
Batting: SHB Arnold Griffith 0-0: Fly out, F8 (Flyball, 8LM)
Batting: RHB Ramiro Rico 0-0: Ball
1-0: Called Strike
1-1: Called Strike
1-2: Ball
2-2: Ball
3-2: Foul Ball, location: 2F
3-2: Ground out 5-3 (Groundball, 5)
Bottom of the 16th over - 0 run(s), 0 hit(s), 0 error(s), 0 left on base; Wizarding 7 - Thunder Bay 7
TOP OF THE 17TH
Wizarding Express batting - Pitching for Thunder Bay Northern Lions BC : RHP Roderick Draper
Batting: RHB Alfredo Martínez 0-0: Ball
1-0: Ground out 6-3 (Groundball, 6M)
Batting: RHB Manuel González 0-0: Ball
1-0: Ball
2-0: Foul Ball, location: 2F
2-1: Foul Ball, location: 2F
2-2: Strikes out swinging
Pitching: RHP Alexander Allen
Batting: RHB Michael Montgomery 0-0: Swinging Strike
0-1: Ball
1-1: Swinging Strike
1-2: Ground out 5-3 (Groundball, 56)
Top of the 17th over - 0 run(s), 0 hit(s), 0 error(s), 0 left on base; Wizarding 7 - Thunder Bay 7
BOTTOM OF THE 17TH
Thunder Bay Northern Lions BC batting - Pitching for Wizarding Express : RHP Victor Burgess
Batting: LHB Juan Durán 0-0: Foul Ball, location: 2F
0-1: Ball
1-1: Ground out 4-3 (Groundball, 4)
Batting: RHB Jonathan Cook 0-0: Called Strike
0-1: Ball
1-1: Ball
2-1: DOUBLE (Flyball, 89XD)
Batting: RHB Alexander Allen 0-0: Ball
1-0: Foul Ball, location: 2F
1-1: Called Strike
1-2: Ground out U3 (Groundball, 3)
Jonathan Cook to third
Batting: RHB Taroemon Watanabe 0-0: Ball
1-0: 2-RUN HOME RUN (Line Drive, 78XD), Distance : 416 ft
This league is powered by Out of the Park Baseball, the baseball management simulation game for PC, Mac and Linux
Friday, October 23rd, 2015 - OOTP Baseball 16.9 Build 39